 Dungeon Crawl Stone Soup version 0.29-a0-824-gd827844252 (webtiles) character file.

Game seed: 13739285928148725948

322436 RepoMan the Thanatomancer (level 20, -3/124 HPs)
             Began as a Deep Elf Necromancer on July 7, 2022.
             Was a High Priest of Sif Muna.
             Killed from afar by an ironbound frostheart (23 damage)
             ... by creeping frost
             ... on level 2 of the Vaults on July 9, 2022.
             The game lasted 08:18:41 (43242 turns).

RepoMan the Thanatomancer (Deep Elf Necromancer)   Turns: 43242, Time: 08:18:42

Health: -3/124     AC: 15    Str:  8    XL:     20   Next: 67%
Magic:  28/42      EV: 14    Int: 36    God:    Sif Muna [*****.]
Gold:   2650       SH: 17    Dex: 15    Spells: 2/51 levels left

rFire   + . .      SeeInvis .   h - staff of air
rCold   + + .      Faith    .   s - +5 kite shield {reflect}
rNeg    . . .      Spirit   .   Y - +0 swamp dragon scales
rPois   +          Reflect  +   O - +2 hat {Will+}
rElec   +          Harm     .   P - scarf {rC+ rF+}
rCorr   .          Rampage  .   n - +2 pair of gloves {hurl}
Will    ++++.                   r - +1 pair of boots of the Ward {Will+}
Stlth   ++........              e - amulet "Gyl Diec" {Regen+ Str+3}
HPRegen 1.10/turn               j - +6 ring of intelligence
MPRegen 0.28/turn               i - ring of protection from cold

@: death channelling, frozen, very slow
A: no striking features
}: 2/15 runes: decaying, gossamer
a: Renounce Religion, Channel Magic, Forget Spell, Divine Exegesis


You were on level 2 of the Vaults.
You worshipped Sif Muna.
Sif Muna was extremely pleased with you.
You visited 8 branches of the dungeon, and saw 37 of its levels.
You also visited: Ice Cave.

You collected 4141 gold pieces.
You spent 1491 gold pieces at shops.

Inventory:

Hand Weapons
 d - a +7 dagger of distortion
 D - the +9 staff of Olgreb {rPois∞}
   (You found it on level 4 of the Swamp)

   If the wielder is skilled in Evocations, they can envenom those struck by it,
   dealing poison damage which bypasses armour.
   It enhances your poison magic.
   It grants immunity to poison.
   It can be activated via the 'a'bility menu to radiate toxic energy, with
   effectiveness depending on Evocations skill.
Missiles
 R - 9 curare-tipped darts
Armour
 n - a +2 pair of gloves of hurling (worn)
 r - the +1 pair of boots of the Ward (worn) {Will+}
   (You found it on level 1 of the Swamp)

   Will:      It increases your willpower.
 s - a +5 kite shield of reflection (worn)
 J - the +3 scale mail "Teetuetto" {rC+ Regen+ Dex+2}
   (You found it on level 12 of the Dungeon)

   Dex:       It affects your dexterity (+2).
   rC:        It protects you from cold.
   Regen:     It increases your rate of health regeneration.
 O - a +2 hat of willpower (worn)
 P - a scarf of resistance (worn)
 Y - +0 swamp dragon scales (worn)
Magical Staves
 h - a staff of air (weapon)
Jewellery
 a - a ring of resist corrosion
 c - the amulet of Suspected Treachery {RegenMP Rampage Int+3}
   (You found it on level 3 of the Dungeon)

   [amulet of magic regeneration]

   It increases your rate of magic regeneration.
   Int:       It affects your intelligence (+3).
   Rampage:   It bestows one free step when moving towards enemies.
 e - the amulet "Gyl Diec" (around neck) {Regen+ Str+3}
   (You found it on level 6 of the Lair of Beasts)

   [amulet of regeneration]

   Str:       It affects your strength (+3).
   Regen:     It increases your rate of health regeneration.
 i - a ring of protection from cold (right hand)
 j - a +6 ring of intelligence (left hand)
 K - a ring of protection from fire
 U - a ring of see invisible
 V - a ring of flight
 X - a ring of positive energy
Wands
 y - a wand of digging (16)
 z - a wand of iceblast (2)
 E - a wand of flame (79)
 S - a wand of acid (2)
Scrolls
 g - 3 scrolls of identify
 l - 8 scrolls of vulnerability
 p - 10 scrolls of fog
 t - 13 scrolls of teleportation
 u - 4 scrolls of enchant armour
 w - a scroll of blinking
 x - 2 scrolls of torment
 F - a scroll of fear
 H - 4 scrolls of enchant weapon
 I - 6 scrolls of immolation
 L - 7 scrolls of magic mapping
 M - a scroll of brand weapon {unknown}
 W - 2 scrolls of poison
 Z - 4 scrolls of silence
Potions
 b - a potion of magic
 f - 5 potions of ambrosia
 k - a potion of curing
 m - 4 potions of cancellation
 o - a potion of resistance
 q - 7 potions of might
 v - 8 potions of mutation
 A - 6 potions of berserk rage
 B - 3 potions of brilliance
 C - 4 potions of flight
 N - 2 potions of invisibility
 T - a potion of haste
Miscellaneous
 G - a phantom mirror
 Q - a phial of floods


   Skills:
 + Level 12.7 Fighting
 - Level 10.0 Short Blades
 - Level 3.0 Armour
 - Level 13.0 Dodging
 - Level 4.0 Stealth
 + Level 11.7 Shields
 - Level 16.0 Spellcasting
 - Level 3.0 Conjurations
 * Level 23.2 Necromancy
 - Level 3.0 Translocations
 - Level 3.0 Transmutations
 - Level 3.0 Fire Magic
 - Level 3.0 Ice Magic
 - Level 3.0 Air Magic
 - Level 6.0 Earth Magic
 + Level 10.8 Poison Magic
 * Level 15.5 Invocations


You had 2 spell levels left.
You knew the following spells:

 Your Spells              Type           Power      Damage    Failure   Level
a - Agony                 Necr           100%       N/A       0%          5
b - Apportation           Tloc           100%       N/A       2%          1
c - Death Channel         Necr           57%        N/A       1%          6
d - Animate Dead          Necr           100%       N/A       0%          4
i - Ignite Poison         Fire/Tmut/Pois 62%        N/A       2%          3
m - Mephitic Cloud        Conj/Pois/Air  81%        N/A       2%          3
s - Simulacrum            Ice/Necr       44%        N/A       5%          6
t - Olgreb's Toxic Radia  Pois           82%        N/A       1%          4
u - Dispel Undead         Necr           100%       3d31      0%          4
v - Vampiric Draining     Necr           100%       2d13      0%          3
x - Borgnjor's Vile Clut  Necr/Erth      46%        N/A       1%          5
z - Necrotise             Necr           100%       1d9       0%          1
A - Anguish               Hex/Necr       42%        N/A       1%          4

Your spell library contained the following spells:

 Spells                   Type           Power      Damage    Failure   Level
 Sublimation of Blood     Necr           100%       N/A       0%          2
 Sandblast                Erth           100%       2d20      1%          1
 Sting                    Tmut/Pois      100%       1d8       1%          1
 Passwall                 Tmut/Erth      47%        N/A       1%          2
 Poisonous Vapours        Pois/Air       100%       N/A       1%          2
 Foxfire                  Conj/Fire      100%       2x1d9     2%          1
 Magic Dart               Conj           100%       1d8       2%          1
 Scorch                   Fire           100%       2d10      3%          2
 Static Discharge         Conj/Air       66%        3-12/arc  3%          2
 Ensorcelled Hibernation  Hex/Ice        78%        N/A       6%          2
 Slow                     Hex            100%       N/A       8%          1
 Summon Small Mammal      Summ           100%       N/A       8%          1
 Call Imp                 Summ           28%        N/A       12%         2
 Spider Form              Tmut/Pois      68%        N/A       1%          3
 Corpse Rot               Necr/Pois/Air  100%       N/A       1%          4
 Stone Arrow              Conj/Erth      100%       3d13      3%          3
 Borgnjor's Revivificati  Necr           57%        N/A       3%          8
 Infestation              Necr           57%        N/A       3%          8
 Conjure Flame            Conj/Fire      50%        6-21      7%          3
 Gell's Gravitas          Tloc           50%        N/A       7%          3
 Lesser Beckoning         Tloc           50%        N/A       7%          3
 Swiftness                Air            66%        N/A       7%          3
 Teleport Other           Tloc           50%        N/A       7%          3
 Inner Flame              Hex/Fire       39%        N/A       12%         3
 Petrify                  Tmut/Erth      57%        N/A       12%         4
 Alistair's Intoxication  Tmut/Pois      45%        N/A       12%         5
 Lee's Rapid Deconstruct  Erth           32%        3d17*     19%         5
 Call Canine Familiar     Summ           28%        N/A       22%         3
 Confusing Touch          Hex            28%        N/A       22%         3
 Tukima's Dance           Hex            28%        N/A       22%         3
 Animate Armour           Summ/Erth      100%       N/A       22%         4
 Flame Wave               Conj/Fire      50%        2d10      22%         4
 Hailstorm                Conj/Ice       50%        3d11      22%         4
 Iskenderun's Mystic Bla  Conj/Tloc      50%        2d11      22%         4
 Leda's Liquefaction      Hex/Erth       25%        N/A       22%         4
 Passage of Golubria      Tloc           50%        N/A       22%         4
 Sticky Flame             Conj/Fire      50%        2d7       22%         4
 Summon Ice Beast         Ice/Summ       39%        N/A       38%         4
 Summon Lightning Spire   Summ/Air       56%        N/A       38%         4
 Haunt                    Necr/Summ      42%        N/A       50%         7
 Death's Door             Necr           57%        N/A       50%         9
 Fireball                 Conj/Fire      25%        3d11      52%         5
 Freezing Cloud           Conj/Ice/Air   33%        6-21      52%         5
 Lightning Bolt           Conj/Air       33%        1d50      52%         5
 Eringya's Noxious Bog    Tmut/Pois      34%        N/A       56%         6
 Silence                  Hex/Air        28%        N/A       75%         5
 Summon Forest            Summ/Tloc      19%        N/A       75%         5
 Yara's Violent Unravell  Hex/Tmut       19%        3d9       75%         5
 Iron Shot                Conj/Erth      28%        9d6       88%         6
 Statue Form              Tmut/Erth      38%        N/A       88%         6
 Summon Mana Viper        Hex/Summ       28%        N/A       91%         5
 Necromutation            Tmut/Necr      44%        N/A       93%         8
 Conjure Ball Lightning   Conj/Air       33%        3x3d11    98%         6
 Dispersal                Tloc           25%        N/A       98%         6
 Malign Gateway           Summ/Tloc      19%        N/A       100%        7
 Monstrous Menagerie      Summ           14%        N/A       100%        7
 Orb of Destruction       Conj           25%        9d9       100%        7
 Ozocubu's Refrigeration  Ice            25%        4d10      100%        7
 Spellforged Servitor     Conj/Summ      19%        N/A       100%        7
 Storm Form               Tmut/Air       33%        N/A       100%        7
 Summon Hydra             Summ           14%        N/A       100%        7
 Disjunction              Tloc           25%        N/A       100%        8
 Ignition                 Fire           25%        3d8       100%        8
 Lehudib's Crystal Spear  Conj/Erth      28%        10d8      100%        8
 Maxwell's Capacitive Co  Air            33%        ∞         100%        8
 Summon Horrible Things   Summ           14%        N/A       100%        8
 Chain Lightning          Conj/Air       33%        3d44      100%        9
 Fire Storm               Conj/Fire      25%        8d6       100%        9
 Shatter                  Erth           32%        3d26*     100%        9


Dungeon Overview and Level Annotations

Branches:
Dungeon (15/15)            Temple (1/1) D:7            Lair (6/6) D:9
  Swamp (4/4) Lair:3       Spider (4/4) Lair:3        Slime (0/5) Lair:6
    Orc (2/2) D:10            Elf (3/3) Orc:2        Vaults (2/5) D:14
 Depths (0/4) D:15          IceCv (visited)
  Crypt: Vaults:2-3

Altars:
Gozag
Hepliaklqana
Kikubaaqudgha
Makhleb
Qazlal
Sif Muna
Trog
Uskayaw
Xom
Zin
The Shining One
Jiyva

Shops:
D:8 *   Orc:2 (*[:   Elf:1 *[?   Elf:2 (

Annotations:
Lair:3 exclusion: 3 oklob plants
Lair:6 2 transporters, capka3m's ghost, journeyman MeEE
Swamp:2 exclusion: downstairs
Elf:1 3 runed translucent doors, Metiaxo's ghost, adept GnIE
Elf:2 3 runed translucent doors
Abyss:1 Erolcha


Message History

The ice encasing you melts away.
Casting: Death Channel (mildly dangerous; 1% risk of failure)
Confirm with . or Enter, or press ? or * to list all spells.
Aiming: Borgnjor's Vile Clutch (mildly dangerous; 1% risk of failure)
Press: ? - help, Shift-Dir - straight line Zombie hands grab the dire elephant. x2
Zombie hands grab the ironbound frostheart.
The zombie hands constrict the dire elephant.
The zombie hands constrict the dire elephant!
The zombie hands constrict the ironbound frostheart!
The dire elephant struggles to escape constriction.
The dire elephant tramples you!!
You hold your ground!
The dire elephant trunk-slaps you.
The ironbound frostheart calls freezing cold from the walls.
The frost grips you!! You partially resist.
* * * LOW HITPOINT WARNING * * *
You are encased in ice.
The frost grips your wizard zombie!!
Your wizard zombie partially resists.
The frost grips your centaur warrior zombie!!
Your centaur warrior zombie partially resists.
The frost grips your ugly thing zombie!!
Your ugly thing zombie partially resists.
Unknown command.
You swap places.
The zombie hands constrict the dire elephant! x2
The zombie hands constrict the ironbound frostheart!
Your centaur warrior zombie hits the dire elephant.
Your centaur warrior zombie kicks the dire elephant but does no damage.
The dire elephant tramples your centaur warrior zombie!!
Your centaur warrior zombie holds its ground!
The dire elephant trunk-slaps your centaur warrior zombie.
Your centaur warrior zombie is destroyed!
The dire elephant struggles to escape constriction.
The dire elephant tramples your wizard zombie!!
Your wizard zombie holds its ground!
The dire elephant trunk-slaps your wizard zombie.
The ironbound frostheart calls freezing cold from the walls.
The frost grips you!! You partially resist.
You die...

#################################
........................Z........
............Z..ZZZ...............
################Z################
# #..@.Y.Y.... # #...ZY..p... #
##########+# # # # # # #


You could see 3 dire elephants, an ironbound frostheart (very poisoned,
clutched, ally target), a friendly redback zombie, a friendly ugly thing zombie,
a friendly centaur warrior zombie, a friendly wizard zombie and a friendly
entropy weaver zombie.

Vanquished Creatures
  Jorgrun (Swamp:1)
  Mlioglotl (Lair:3)
  A deep elf master archer (Elf:3)
  2 deep elf blademasters (Elf:3)
  Agnes (Elf:1)
  2 thorn hunters (Swamp:4)
  Kirke (Spider:3)
  Donald (Orc:2)
  6 deep elf sorcerers (Elf:3)
  2 frost giants (IceCv)
  A fenstrider witch (Swamp:4)
  7 emperor scorpions
  3 ghost moths
  2 vault wardens
  An orc warlord (Orc:1)
  3 deep elf elementalists (Elf:3)
  An ironbound preserver (Vaults:1)
  2 stone giants
  A broodmother (Spider:2)
  2 very ugly things
  The ghost of dricus the Warrior, a journeyman GrFi of Okawaru (Lair:4)
  5 ironbound thunderhulks
  4 bunyips
  2 deep elf demonologists (Elf:3)
  2 deep elf annihilators (Elf:3)
  An eleionoma (Swamp:2)
  6 dire elephants
  2 spark wasps (Spider:3)
  A white draconian (IceCv)
  5 entropy weavers
  3 ettins
  Josephine (Spider:1)
  A great orb of eyes (Vaults:1)
  3 deep elf high priests (Elf:3)
  A yaktaur captain (Vaults:2)
  5 ice dragons (IceCv)
  A spriggan air mage (Swamp:2)
  10 boulder beetles
  A jorogumo (Spider:4)
  The ghost of Teiseom the Destroyer, a journeyman DsCj of Cheibriados (Lair:3)
  6 two-headed ogres
  A hell beast (Swamp:4)
  8 centaur warriors
  8 ironbound frosthearts
  5 hydras
  A radroach (Spider:3)
  5 alligators
  16 dancing weapons
  The ghost of capka3m the Thaumaturge, a journeyman DEEE of Cheibriados (Lair:2)
  A death yak (Lair:5)
  A death scarab (Spider:4)
  2 thrashing horrors (Swamp:4)
  A spriggan berserker (Swamp:4)
  Sonja (Lair:2)
  8 deep elf knights
  Nergalle (Lair:3)
  2 pharaoh ants (Spider:3)
  A goliath frog (Swamp:1)
  8 deep trolls
  3 bog bodies
  A flayed ghost (D:12)
  3 orb spiders
  16 deep elf archers
  A wizard (D:12)
  5 swamp dragons (Swamp:4)
  5 steelbarb worms
  The ghost of paps the Summoner, a novice OpSu (D:7)
  Pikel (D:4)
  A mana viper (shapeshifter) (D:12)
  4 ironbound convokers (Vaults:1)
  3 necromancers
  14 lindwurms
  21 deep elf zephyrmancers
  3 orc knights
  29 deep elf pyromancers
  14 ugly things
  A will-o-the-wisp (Swamp:3)
  9 wolf spiders
  4 orc sorcerers
  3 moths of wrath
  8 cyclopes
  3 manticores
  2 vault sentinels (Vaults:1)
  2 black mambas
  An elephant (Lair:2)
  Maurice (D:8)
  23 cane toads
  3 orange demons (Swamp:4)
  3 torpor snails
  5 demonic crawlers
  4 komodo dragons
  9 yaktaurs
  A freezing wraith (D:12)
  6 rime drakes
  An unseen horror (D:12)
  A tengu conjurer (D:14)
  4 tyrant leeches
  A meliai (shapeshifter) (Elf:3)
  A queen bee (shapeshifter) (D:15)
  5 trolls
  7 tarantellas
  9 polar bears
  A raiju (shapeshifter) (Elf:1)
  7 blink frogs
  A blink frog (shapeshifter) (Elf:3)
  6 slime creatures
  A dream sheep (Lair:2)
  An ettin zombie (Orc:2)
  6 hornets
  An air elemental (Elf:2)
  15 culicivoras
  3 wraiths (Spider:1)
  11 jumping spiders
  2 shadows
  A spriggan (Swamp:1)
  4 water elementals
  26 yaks
  A jumping spider (shapeshifter) (D:12)
  A hog (Spider:3)
  3 steam dragons
  3 basilisks
  6 wyverns
  4 vampire mosquitoes
  20 redbacks
  4 swamp worms
  8 wargs
  9 water moccasins
  An acid dragon (D:12)
  2 ice beasts
  4 black bears
  15 orc warriors
  4 boggarts (D:14)
  An ogre (D:5)
  A centaur (D:9)
  5 wolves
  2 phantoms
  6 kobold brigands
  12 bullfrogs
  3 earth elementals
  4 scorpions
  A gnoll sergeant (D:5)
  6 wights
  A troll zombie (D:10)
  4 electric eels
  3 howler monkeys
  A vampire bat (D:10)
  16 orc priests
  7 hounds
  2 jellies
  13 orc wizards
  Natasha (thrice) (D:4)
  5 ogre zombies (D:10)
  4 gnolls (D:5)
  5 adders
  2 shadow imps
  4 white imps (D:7)
  An ufetubus (D:6)
  A worm (D:3)
  4 dart slugs (D:2)
  65 orcs
  14 bats
  3 endoplasms
  6 giant cockroaches
  4 goblins
  11 hobgoblins
  2 jackals (D:2)
  39 kobolds
  3 quokkas
  8 ball pythons
  2 frilled lizards
  4 goblin skeletons (D:10)
  A goblin zombie (D:10)
  2 hobgoblin zombies (D:10)
  6 orc skeletons (D:10)
  12 orc zombies
  4 rats
  A fungus (Orc:2)
891 creatures vanquished.

Vanquished Creatures (collateral kills)
  Mara (Swamp:3)
  Arachne (Spider:3)
  The ghost of flestrin the Alchemist, an adept DrTm of Hepliaklqana (Swamp:4)
  A tentacled monstrosity (Swamp:4)
  A thorn hunter (Swamp:4)
  2 emperor scorpions (Spider:4)
  3 broodmothers
  A deep elf elementalist (Elf:2)
  2 ghost moths (Spider:4)
  2 ironbound preservers (Vaults:1)
  2 ironbound thunderhulks
  2 very ugly things (Vaults:1)
  3 eleionomae
  4 spark wasps
  2 bunyips (Swamp:1)
  9 dire elephants
  An entropy weaver (Vaults:1)
  2 ettins (Orc:2)
  A fire dragon (D:15)
  2 green deaths (Swamp:4)
  2 yaktaur captains
  2 great orbs of eyes
  3 boulder beetles
  An ice dragon (IceCv)
  A hell beast (Swamp:4)
  3 jorogumos
  4 hydras
  A catoblepas (Lair:6)
  2 ironbound frosthearts
  A centaur warrior (Vaults:2)
  2 dancing weapons (D:14)
  A two-headed ogre (Orc:1)
  6 alligators
  3 death yaks (Lair:5)
  An orc high priest (Orc:1)
  4 deep elf knights
  7 goliath frogs
  7 pharaoh ants
  2 steelbarb worms
  A sun moth (Spider:4)
  3 deep trolls
  A large abomination (Swamp:4)
  A tengu zombie (Vaults:1)
  5 orb spiders
  3 spriggan druids
  An ironbound convoker (Vaults:1)
  4 swamp dragons
  3 bog bodies
  2 wizards
  2 deep elf archers
  An orc knight (Orc:2)
  5 lindwurms (Vaults:1)
  6 deep elf zephyrmancers (Elf:1)
  11 wolf spiders
  8 ugly things
  7 deep elf pyromancers
  6 will-o-the-wisps
  5 cyclopes (Orc:2)
  2 manticores
  2 orc sorcerers
  2 black mambas
  2 vault sentinels (Vaults:1)
  4 torpor snails
  8 cane toads
  2 gargoyles
  6 rime drakes
  3 yaktaurs
  7 demonic crawlers
  A redback zombie (Spider:3)
  An efreet (D:13)
  4 komodo dragons
  A tengu conjurer (D:14)
  4 tyrant leeches
  3 polar bears
  A bloated husk (Swamp:4)
  6 hornets
  18 tarantellas
  4 dream sheep (Lair:2)
  A tarantella zombie (Spider:3)
  16 blink frogs
  11 slime creatures
  22 jumping spiders
  6 spriggans
  4 air elementals
  A water elemental (Elf:3)
  A shadow (Swamp:4)
  15 culicivoras
  21 yaks
  A wraith (Spider:1)
  A wyvern (Lair:4)
  2 basilisks
  3 hogs (Spider:3)
  A steam dragon (D:8)
  2 fire elementals
  33 redbacks
  10 swamp worms
  A human simulacrum (Vaults:1)
  5 vampire mosquitoes
  A warg (D:9)
  An acid dragon (D:11)
  11 water moccasins
  8 orc warriors
  5 ogres
  6 wolves (Lair:6)
  An elf simulacrum (Vaults:1)
  A kobold brigand (D:10)
  12 bullfrogs
  12 jellies (Lair:6)
  2 orc priests
  5 orc wizards
  15 orcs
  2 endoplasms (D:2)
  2 bats (D:10)
  2 frilled lizards (D:2)
  A goblin (D:1)
  A kobold (D:8)
  An orc skeleton (D:10)
498 creatures vanquished.

Vanquished Creatures (others)
  A deep elf sorcerer (Elf:3)
  Arachne zombie (Spider:3)
  4 very ugly thing zombies
  A deep elf knight (Elf:2)
  A bunyip zombie (Swamp:1)
  A spark wasp zombie (Spider:4)
  An entropy weaver zombie (Spider:4)
  2 goliath frog zombies
  11 ugly thing zombies
  A deep elf pyromancer (Elf:1)
  3 deep elf zephyrmancers
  5 wolf spider zombies
  A dire elephant zombie (Vaults:1)
  4 centaur zombies (Vaults:2)
  A rime drake (IceCv)
  A steelbarb worm zombie (Spider:4)
  3 orb spider zombies
  2 swamp worm zombies (Swamp:1)
  A white draconian zombie (IceCv)
  14 redback zombies
  2 bloated husks (Swamp:1)
  3 demonic crawler zombies
  A moth of wrath zombie (Spider:3)
  2 hydra zombies (Swamp:4)
  2 alligator zombies (Swamp:3)
  8 jumping spider zombies
  6 tarantella zombies
  2 ettin zombies (Orc:2)
  3 great orb of eyes zombies
  7 culicivora zombies
  An ice dragon zombie (IceCv)
  A culicivora (Spider:3)
  A black mamba zombie (Lair:3)
  4 slime creature zombies (Swamp:4)
  A human (Spider:3)
  2 tyrant leech zombies (Lair:6)
  2 deep troll zombies (Vaults:1)
  A redback (Spider:4)
  8 human zombies
  9 cane toad zombies
  2 hornet zombies
  A manticore zombie (D:12)
  A dream sheep zombie (Lair:2)
  An orc warrior (D:11)
  48 elf zombies
  5 lindwurm zombies (Vaults:1)
  12 blink frog zombies
  5 swamp dragon zombies
  2 torpor snail zombies
  4 vampire mosquito zombies
  4 rime drake zombies (IceCv)
  5 yaktaur zombies
  A komodo dragon zombie (Lair:2)
  5 cyclops zombies (Orc:2)
  4 water moccasin zombies
  A wyvern zombie (Lair:1)
  3 warg zombies
  A troll zombie (D:12)
  4 spriggan zombies
  7 yak zombies
  4 polar bear zombies
  A wolf zombie (Lair:4)
  8 bullfrog zombies
  An orc wizard (Orc:2)
  An acid dragon zombie (D:12)
  3 ogre zombies
  A howler monkey zombie (D:12)
  50 orc zombies
  3 bat zombies (Orc:2)
  40 foxfires
  94 fungi
  139 plants
586 creatures vanquished.

Grand Total: 1975 creatures vanquished

Notes
Turn   | Place    | Note
-------+----------+-------------------------------------------
     0 | D:1      | RepoMan the Deep Elf Necromancer began the quest for the
                  | Orb.
     0 | D:1      | Reached XP level 1. HP: 10/10 MP: 6/6
   206 | D:1      | Reached skill level 5 in Necromancy
   300 | D:1      | Reached XP level 2. HP: 15/15 MP: 2/8
   553 | D:1      | Found a faded altar of an unknown god.
   978 | D:2      | Reached XP level 3. HP: 9/19 MP: 1/10
  1484 | D:2      | Reached skill level 6 in Necromancy
  1581 | D:2      | Reached XP level 4. HP: 24/24 MP: 6/12
  2109 | D:3      | Identified the amulet of Suspected Treachery {RegenMP
                  | Rampage Int+3}
  2287 | D:3      | Found a bloodstained altar of Trog.
  2324 | D:3      | Found a burning altar of Makhleb.
  2705 | D:3      | Found a shimmering blue altar of Sif Muna.
  2710 | D:3      | Became a worshipper of Sif Muna the Loreminder
  2742 | D:4      | Noticed a lemure
  2749 | D:3      | Learned a level 3 spell: Vampiric Draining
  2754 | D:3      | Learned a level 4 spell: Animate Dead
  2769 | D:4      | Noticed Pikel
  2769 | D:4      | Noticed a lemure
  2769 | D:4      | Noticed a lemure
  2769 | D:4      | Noticed a lemure
  3134 | D:4      | Reached XP level 5. HP: 22/28 MP: 5/13
  3173 | D:4      | Reached skill level 1 in Fighting
  3173 | D:4      | Reached skill level 7 in Necromancy
  3327 | D:5      | Entered Level 5 of the Dungeon
  3378 | D:5      | Reached XP level 6. HP: 34/34 MP: 12/14
  3391 | D:5      | Learned a level 5 spell: Agony
  3519 | D:5      | Noticed a water moccasin
  3715 | D:4      | Reached XP level 7. HP: 39/40 MP: 11/15
  3748 | D:4      | Noticed Natasha
  3752 | D:4      | Killed Natasha
  3783 | D:4      | Reached skill level 8 in Necromancy
  3829 | D:4      | Noticed Natasha
  3835 | D:4      | Killed Natasha
  3836 | D:4      | Reached skill level 5 in Dodging
  3962 | D:4      | Noticed Natasha
  3973 | D:4      | Killed Natasha
  4056 | D:5      | Reached * piety under Sif Muna
  4070 | D:5      | Identified the +1 leather armour of the Curious Stars
                  | {Dex+3}
  4149 | D:5      | Reached skill level 1 in Short Blades
  4218 | D:5      | Reached skill level 9 in Necromancy
  4253 | D:5      | Reached XP level 8. HP: 46/46 MP: 9/16
  4807 | D:7      | Found a staircase to the Ecumenical Temple.
  4830 | Temple   | Entered the Ecumenical Temple
  4908 | D:7      | Found a runed translucent door.
  4908 | D:7      | Noticed a troll
  4909 | D:7      | Noticed paps's ghost (novice OpSu)
  4983 | D:7      | Reached skill level 10 in Necromancy
  5383 | D:8      | Noticed a two-headed ogre
  5508 | D:8      | Reached ** piety under Sif Muna
  5649 | D:8      | Reached XP level 9. HP: 52/52 MP: 10/17
  5666 | D:8      | Reached skill level 11 in Necromancy
  5872 | D:8      | Killed a two-headed ogre
  5884 | D:8      | Found Gozag's Platinum Reserve.
  5886 | D:8      | Found an opulent altar of Gozag.
  5923 | D:8      | Reached skill level 5 in Fighting
  5928 | D:8      | Noticed Maurice
  5945 | D:8      | Killed Maurice
  5946 | D:8      | Reached skill level 5 in Short Blades
  5946 | D:8      | Reached skill level 12 in Necromancy
  6172 | D:8      | Found a hide-covered altar of Uskayaw.
  6402 | D:9      | Reached XP level 10. HP: 59/59 MP: 4/18
  6524 | D:9      | Learned a level 3 spell: Mephitic Cloud
  6579 | D:9      | Found a staircase to the Lair.
  6583 | D:9      | Reached *** piety under Sif Muna
  6608 | D:9      | Reached skill level 1 in Conjurations
  6617 | D:9      | Reached skill level 1 in Poison Magic
  6646 | D:9      | Reached skill level 1 in Air Magic
  7114 | D:10     | Entered Level 10 of the Dungeon
  7366 | D:10     | Found a staircase to the Orcish Mines.
  7409 | D:10     | Reached skill level 13 in Necromancy
  7571 | D:10     | Noticed an orc sorcerer
  7612 | D:10     | Reached **** piety under Sif Muna
  7789 | D:10     | Found the amulet of Elemental Vulnerability {rPois rF--
                  | rC-- AC+8}
  7903 | D:10     | Reached skill level 5 in Spellcasting
  8031 | D:10     | Killed an orc sorcerer
  8477 | Lair:1   | Entered Level 1 of the Lair of Beasts
  8477 | Lair:1   | Noticed a cane toad
  8486 | Lair:1   | Reached XP level 11. HP: 64/64 MP: 21/21
  9534 | Lair:2   | Reached ***** piety under Sif Muna
  9647 | Lair:2   | Noticed capka3m's ghost (journeyman DEEE)
  9657 | Lair:2   | Found a runed translucent gate.
  9657 | Lair:2   | Found a runed translucent gate.
  9665 | Lair:2   | Found a runed translucent gate.
  9854 | Lair:2   | Noticed Sonja
  9877 | Lair:2   | Reached skill level 14 in Necromancy
  9884 | Lair:2   | Reached skill level 1 in Invocations
  9885 | Lair:2   | Killed Sonja
  9892 | Lair:2   | Reached skill level 10 in Dodging
  9939 | Lair:2   | Learned a level 4 spell: Dispel Undead
 10264 | Lair:3   | Noticed a four-headed hydra
 10333 | Lair:3   | Found a staircase to the Swamp.
 10367 | Lair:3   | Killed a four-headed hydra
 10368 | Lair:3   | Reached XP level 12. HP: 72/72 MP: 22/24
 10772 | Lair:3   | Found a runed translucent door.
 10772 | Lair:3   | Noticed Teiseom's ghost (journeyman DsCj)
 10832 | Lair:3   | Noticed Nergalle
 10860 | Lair:3   | Killed Nergalle
 11048 | Lair:3   | Found a hole to the Spider Nest.
 11099 | Lair:3   | Learned a level 6 spell: Death Channel
 11615 | Orc:1    | Entered Level 1 of the Orcish Mines
 11709 | Orc:2    | Entered Level 2 of the Orcish Mines
 11831 | D:7      | Killed paps's ghost
 11925 | D:6      | Found a glowing silver altar of Zin.
 11950 | D:6      | Found a stormy altar of Qazlal.
 12201 | D:6      | Received a gift from Sif Muna
 12552 | D:6      | Found a glowing golden altar of the Shining One.
 13179 | D:4      | Killed Pikel
 13521 | D:11     | Noticed a two-headed ogre
 13539 | D:11     | Killed a two-headed ogre
 13540 | D:11     | Reached skill level 10 in Short Blades
 13727 | D:11     | Noticed a boulder beetle
 13738 | D:11     | Killed a boulder beetle
 13810 | D:11     | Reached skill level 15 in Necromancy
 13917 | D:11     | Noticed a two-headed ogre
 13925 | D:11     | Killed a two-headed ogre
 13926 | D:11     | Reached skill level 5 in Invocations
 14434 | D:11     | Noticed a two-headed ogre
 14479 | D:11     | Killed a two-headed ogre
 14480 | D:11     | Reached XP level 13. HP: 52/78 MP: 24/28
 15204 | D:12     | Learned a level 5 spell: Borgnjor's Vile Clutch
 15227 | D:12     | Reached skill level 16 in Necromancy
 15418 | D:12     | Received a gift from Sif Muna
 15419 | D:12     | Got Sif Muna's Spellbook of Putrid Iniquitous Deeds {god
                  | gift}
 15634 | D:12     | Noticed a bunyip
 15635 | D:12     | Reached skill level 10 in Spellcasting
 15912 | Orc:2    | Found Beaqont's Book Shoppe.
 15912 | Orc:2    | Noticed an ettin
 15938 | Orc:2    | Killed an ettin
 15960 | Orc:2    | Noticed an ettin
 15969 | Orc:2    | Killed an ettin
 15984 | Orc:2    | Found Linerghi's Antique Armour Emporium.
 16033 | Orc:2    | Noticed an ettin
 16039 | Orc:2    | Reached skill level 1 in Earth Magic
 16048 | Orc:2    | Killed an ettin
 16090 | Orc:2    | Found Caseduh's Antique Weapon Emporium.
 16317 | Orc:2    | Noticed an ettin
 16330 | Orc:2    | Killed an ettin
 16331 | Orc:2    | Reached skill level 17 in Necromancy
 16345 | Orc:2    | Bought a runed cloak for 217 gold pieces
 16388 | Orc:2    | Found a staircase to the Elven Halls.
 16398 | Orc:2    | Noticed a stone giant
 16405 | Orc:2    | Noticed Erolcha
 16415 | Orc:2    | Banished Erolcha
 16501 | Orc:2    | Killed a stone giant
 16548 | Orc:2    | Found Joistem's General Store.
 16565 | Orc:2    | Bought a scroll of identify for 24 gold pieces
 16565 | Orc:2    | Bought a potion of berserk rage for 60 gold pieces
 16565 | Orc:2    | Bought a potion of degeneration for 12 gold pieces
 16743 | Orc:2    | Noticed Donald
 16756 | Orc:2    | Killed Donald
 16873 | Orc:1    | Noticed an orc warlord
 16885 | Orc:1    | Reached XP level 14. HP: 51/86 MP: 20/31
 16893 | Orc:1    | Killed an orc warlord
 16895 | Orc:1    | Reached skill level 1 in Shields
 17618 | Lair:3   | Killed Teiseom's ghost
 17660 | Lair:2   | Killed capka3m's ghost
 18063 | Lair:4   | Received a gift from Sif Muna
 18191 | Lair:4   | Found a transporter.
 18384 | Lair:4   | Found a hazy altar of Hepliaklqana.
 18478 | Lair:4   | Found a transporter.
 18487 | Lair:4   | Noticed dricus's ghost (journeyman GrFi)
 18992 | Lair:4   | You fall into a shaft and drop 2 floors!
 18992 | Lair:6   | Entered Level 6 of the Lair of Beasts
 19109 | Lair:4   | Killed dricus's ghost
 20041 | Lair:6   | Received a gift from Sif Muna
 20055 | Lair:6   | Reached skill level 18 in Necromancy
 20073 | Lair:6   | Got Ciuximn's Volume of Lithic Exhumation {god gift}
 20080 | Lair:6   | Reached skill level 10 in Invocations
 20204 | Lair:6   | Reached skill level 10 in Fighting
 20205 | Lair:6   | Reached XP level 15. HP: 75/92 MP: 20/33
 20234 | Lair:6   | Found a viscous altar of Jiyva.
 20243 | Lair:6   | Received a gift from Sif Muna
 20272 | Lair:6   | Found a staircase to the Slime Pits.
 20290 | Lair:6   | Reached skill level 5 in Shields
 20411 | Lair:6   | Learned a level 4 spell: Anguish
 20443 | Lair:6   | Identified the amulet "Gyl Diec" {Regen+ Str+3}
 20553 | Lair:6   | Found a transporter.
 20567 | Lair:6   | Found a transporter.
 20573 | Lair:6   | Noticed capka3m's ghost (journeyman MeEE)
 20592 | Lair:6   | Found a bloodstained altar of Trog.
 21806 | D:12     | Identified the +3 scale mail "Teetuetto" {rC+ Regen+ Dex+2}
 21809 | D:12     | Identified the +1 chain mail of Orthodoxy {-Tele Int+3
                  | SInv}
 21998 | D:13     | Received a gift from Sif Muna
 21999 | D:13     | Got Sif Muna's Folio of Spelunking and Kindling {god gift}
 22737 | D:13     | Reached skill level 1 in Armour
 23044 | D:14     | Found Udak's Island Escapes.
 23070 | D:14     | Bought a scroll of blinking for 112 gold pieces
 23070 | D:14     | Bought a potion of flight for 45 gold pieces
 23070 | D:14     | Bought a scroll of blinking for 112 gold pieces
 23070 | D:14     | Bought a wand of digging (1) for 150 gold pieces
 23070 | D:14     | Bought a scroll of fog for 30 gold pieces
 23070 | D:14     | Bought a scroll of teleportation for 45 gold pieces
 23070 | D:14     | Bought a wand of digging (3) for 210 gold pieces
 23179 | D:14     | Got Bengy's Precepts of Incandescence and Confrontation
 23436 | D:14     | Found a gate to the Vaults.
 23769 | D:15     | Entered Level 15 of the Dungeon
 23779 | D:15     | Upgraded the game from 0.29-a0-819-g94b489e0ae to
                  | 0.29-a0-822-ga620ab95ad
 23863 | D:15     | Reached skill level 19 in Necromancy
 24335 | D:15     | Found a staircase to the Depths.
 24535 | D:15     | Found a hazy altar of Hepliaklqana.
 25037 | Spider:1 | Entered Level 1 of the Spider Nest
 25588 | Spider:1 | Received a gift from Sif Muna
 25643 | Spider:1 | Reached XP level 16. HP: 99/99 MP: 13/35
 26050 | Spider:1 | Reached ****** piety under Sif Muna
 26052 | Spider:1 | Noticed Josephine
 26059 | Spider:1 | Killed Josephine
 26724 | Spider:1 | Received a gift from Sif Muna
 26725 | Spider:1 | Got Nennum's Monograph on Amassed Sinister Mysteries {god
                  | gift}
 27982 | Spider:3 | Noticed Arachne
 28830 | Spider:3 | Reached skill level 20 in Necromancy
 29272 | Spider:3 | Killed Arachne
 29354 | Spider:3 | Your ally Arachne died
 29366 | Spider:3 | Noticed Kirke
 29410 | Spider:3 | Killed Kirke
 29493 | Spider:3 | Your ally Kirke died
 29643 | Spider:3 | Learned a level 1 spell: Apportation
 30143 | Spider:3 | Reached skill level 1 in Translocations
 30223 | Spider:2 | Reached XP level 17. HP: 57/104 MP: 2/37
 30978 | Spider:4 | Entered Level 4 of the Spider Nest
 31019 | Spider:4 | Received a gift from Sif Muna
 31029 | Spider:4 | Got Sif Muna's Secrets of Hazy Left-Handed Deeds {god gift}
 31173 | Spider:4 | Identified the +8 arbalest "Moevveod" {freeze, Fly rCorr
                  | Int+4}
 32109 | Spider:4 | Identified the +1 leather armour "Ceduamuch" {Str+4}
 32280 | Spider:4 | Reached skill level 21 in Necromancy
 32448 | Spider:4 | Got a gossamer rune of Zot
 33001 | Lair:3   | Upgraded the game from 0.29-a0-822-ga620ab95ad to
                  | 0.29-a0-824-gd827844252
 33102 | Swamp:1  | Entered Level 1 of the Swamp
 33102 | Swamp:1  | Noticed Mlioglotl
 33127 | Lair:3   | Killed Mlioglotl
 33166 | Swamp:1  | Noticed Jorgrun
 33176 | Swamp:1  | Killed Jorgrun
 33176 | Swamp:1  | Received a gift from Sif Muna
 33206 | Swamp:1  | Got Fosiacru's Secrets of the Excruciating Crypt {god gift}
 33245 | Swamp:1  | Reached skill level 10 in Shields
 33357 | Swamp:1  | Identified the +1 pair of boots of the Ward {Will+}
 34181 | Swamp:2  | Reached skill level 15 in Spellcasting
 34509 | Swamp:3  | Noticed Mara
 34552 | Swamp:3  | Reached XP level 18. HP: 111/111 MP: 9/39
 34689 | Swamp:3  | Noticed RepoMan's illusion
 34689 | Swamp:3  | Killed Mara
 34998 | Swamp:4  | Entered Level 4 of the Swamp
 35105 | Swamp:4  | Noticed a tentacled monstrosity
 35109 | Swamp:4  | Killed a tentacled monstrosity
 35602 | Swamp:4  | Reached skill level 5 in Earth Magic
 35752 | Swamp:4  | Got a decaying rune of Zot
 35875 | Swamp:4  | Received a gift from Sif Muna
 35887 | Swamp:4  | Got Sif Muna's Octavo of Unstable Dislocation {god gift}
 35892 | Swamp:4  | Found a runed translucent door.
 35893 | Swamp:4  | Noticed flestrin's ghost (adept DrTm)
 35893 | Swamp:4  | Found the +9 staff of Olgreb {rPois∞}
 35968 | Swamp:4  | Killed flestrin's ghost
 35972 | Swamp:4  | Identified the +5 mace "Siol" {freeze, rPois Str-4 Dex+7}
 36634 | D:14     | Learned a level 4 spell: Olgreb's Toxic Radiance
 36638 | D:14     | Learned a level 3 spell: Ignite Poison
 36757 | Elf:1    | Entered Level 1 of the Elven Halls
 36758 | Elf:1    | Paralysed by an air elemental for 1 turns
 36762 | Elf:1    | Paralysed by an air elemental for 1 turns
 36767 | Elf:1    | Paralysed by an air elemental for 1 turns
 36978 | Elf:1    | Found Taesi's Armour Boutique.
 37018 | Elf:1    | Noticed Agnes
 37030 | Elf:1    | Killed Agnes
 37094 | Elf:1    | Found Joirhye's Magic Scroll Shoppe.
 37112 | Elf:1    | Bought a scroll of teleportation for 42 gold pieces
 37112 | Elf:1    | Bought a scroll of blinking for 105 gold pieces
 37112 | Elf:1    | Bought a scroll of teleportation for 42 gold pieces
 37112 | Elf:1    | Bought a scroll of enchant armour for 105 gold pieces
 37151 | Elf:1    | Identified the +2 leather armour of Egelofat {Will+ Dex+8}
 37367 | Elf:1    | Found Mocvoib's Assorted Antiques.
 37481 | Elf:1    | Found a runed translucent gate.
 37481 | Elf:1    | Found a runed translucent gate.
 37483 | Elf:1    | Found a runed translucent gate.
 37484 | Elf:1    | Noticed Metiaxo's ghost (adept GnIE)
 37540 | Elf:1    | Paralysed by an air elemental for 1 turns
 37543 | Elf:1    | Paralysed by an air elemental for 1 turns
 37548 | Elf:1    | Paralysed by an air elemental for 1 turns
 37551 | Elf:1    | Paralysed by an air elemental for 1 turns
 37556 | Elf:1    | Paralysed by an air elemental for 1 turns
 37713 | Elf:1    | Reached XP level 19. HP: 116/116 MP: 31/41
 37726 | Elf:1    | Reached skill level 5 in Poison Magic
 37954 | Elf:1    | Found Cahegaso's General Store.
 37962 | Elf:1    | Bought a scroll of fog for 36 gold pieces
 37962 | Elf:1    | Bought a potion of magic for 144 gold pieces
 38196 | Elf:2    | Found Tiqicola's Weapon Emporium.
 38232 | Elf:2    | Found a frozen archway.
 38235 | Elf:2    | Reached skill level 22 in Necromancy
 38359 | IceCv    | Entered an ice cave
 38384 | IceCv    | Received a gift from Sif Muna
 38391 | IceCv    | Got Sif Muna's Omnibus of Geology and Breath {god gift}
 38631 | IceCv    | Reached skill level 1 in Transmutations
 38631 | IceCv    | Reached skill level 1 in Fire Magic
 38937 | Elf:2    | Paralysed by an air elemental for 1 turns
 39180 | Elf:2    | Paralysed by an air elemental for 1 turns
 39185 | Elf:2    | Paralysed by an air elemental for 1 turns
 39192 | Elf:2    | Paralysed by an air elemental for 1 turns
 39198 | Elf:2    | Paralysed by an air elemental for 1 turns
 39251 | Elf:2    | Found a runed translucent gate.
 39251 | Elf:2    | Found a runed translucent gate.
 39259 | Elf:2    | Found a runed translucent gate.
 39599 | Elf:3    | Entered Level 3 of the Elven Halls
 39700 | Elf:3    | Learned a level 6 spell: Simulacrum
 39955 | Elf:3    | Reached skill level 1 in Ice Magic
 40429 | Elf:3    | Received a gift from Sif Muna
 40430 | Elf:3    | Got Sif Muna's Catalogue of Mutable Confrontation {god
                  | gift}
 40932 | Elf:3    | Identified the +9 trident of the Gazing Hummingbird {speed,
                  | rPois rN++ Str-3}
 41158 | Vaults:1 | Entered Level 1 of the Vaults
 41194 | Vaults:1 | Reached XP level 20. HP: 79/122 MP: 4/42
 41196 | Vaults:1 | Reached skill level 10 in Poison Magic
 41635 | Vaults:1 | Received a gift from Sif Muna
 41636 | Vaults:1 | Got Asmodeus's Disquisition on Striking and the Legion {god
                  | gift}
 41682 | Vaults:1 | Reached skill level 15 in Invocations
 42270 | Vaults:1 | Identified the +4 arbalest of Youthful Indiscretion {speed,
                  | rF+ rC- MP+9 Str+8}
 42431 | Vaults:1 | Reached skill level 23 in Necromancy
 43242 | Vaults:2 | Killed from afar by an ironbound frostheart

Illustrated notes

Levels and vault maps discovered:
D:1:      roderic_dead_forest, layout_basic,
          shapermc_ecumenical_altar_mp_urbaneastern
D:2:      layout_basic, minmay_joined_circles
D:3:      layout_loops_ring, mainiacjoe_overflow_two_lobes, marbit_many_paths
D:4:      layout_gridville, uniq_natasha, uniq_pikel
D:5:      layout_cave_pools
D:6:      layout_layer_cave, zin_statuary, nicolae_qazlal_general_emergency,
          tso_metal_star
D:7:      layout_rooms, minmay_temple_entry_grid, ebering_ghost_inner_flame,
          kennysheep_cross_bottleneck
D:8:      layout_cave_pools, nicolae_gozag_zags_fifth_avenue,
          nicolae_uskayaw_dance_studio, serial_glass, glass_columns_a,
          glass_columns_b, uniq_maurice
D:9:      layout_basic, erik_lair_orcish_takeover
D:10:     layout_basic, zombieorc2_lemuel, roderic_batcave
D:11:     layout_roguey [special_room_orc], hangedman_abyss_or_decor_slice
D:12:     layout_loops_ring, minmay_evil_grid
D:13:     layout_basic
D:14:     layout_roguey, erik_vaults_1, minmay_staircase_windowed_small,
          nicolae_island_escapes
D:15:     hangedman_depths_entry_civil_slaughter, layout_loops_ring,
          nicolae_hepliaklqana_hazy_memory, lightli_corner_chamber
Temple:   dpeg_chambers_temple
Lair:1:   layout_loops_ring, chequers_serial_rivers_micro_b, grunt_megastairs_3,
          serial_bayou_shore_b
Lair:2:   layout_chaotic_city, gammafunk_ghost_split, uniq_sonja
Lair:3:   dpeg_oklob_gauntlet, layout_gridlike, swamp_mist_pool,
          nicolae_spider_entry_tight_spaces, gammafunk_ghost_grave,
          uniq_nergalle
Lair:4:   layout_layer_cave, gammafunk_ghost_arena, basic_altar
Lair:5:   layout_regular_city, grunt_megastairs_2
Lair:6:   minmay_lair_end_frog_pond, layout_misc_corridors,
          minmay_slime_entry_jelly_boxes, gammafunk_ghost_wrathful_warriors
Swamp:1:  layout_basic_swamp, hangedman_swamp_cone, uniq_mlioglotl, uniq_jorgrun
Swamp:2:  layout_basic_swamp, evilmike_swamp_ruin_house_5
Swamp:3:  layout_basic_swamp, evilmike_swamp_ruin_house_4, uniq_mara
Swamp:4:  swamp_vile, layout_basic_swamp, gammafunk_ghost_grave,
          infiniplex_staircase_pool
Spider:1: layout_chambers, hangedman_spider_tarantella_strand, uniq_josephine
Spider:2: layout_spider_delve
Spider:3: nicolae_spider_hilbert_zone_2 [nicolae_spider_hilbert_4_sides_1_open,
          nicolae_spider_hilbert_4_sides_1_open,
          nicolae_spider_hilbert_4_sides_1_open,
          nicolae_spider_hilbert_4_sides_1_open,
          nicolae_spider_hilbert_6_sides_1_open,
          nicolae_spider_hilbert_6_sides_1_open,
          nicolae_spider_hilbert_3_sides_1_open,
          nicolae_spider_hilbert_3_sides_1_open,
          nicolae_spider_hilbert_3_sides_1_open,
          nicolae_spider_hilbert_3_sides_1_open,
          nicolae_spider_hilbert_6_sides_1_open,
          nicolae_spider_hilbert_6_sides_1_open,
          nicolae_spider_hilbert_6_sides_1_open,
          nicolae_spider_hilbert_6_sides_1_open], nicolae_spider_spiderdrome,
          uniq_kirke, uniq_arachne
Spider:4: spider_rune_water, nicolae_spider_claw_tunnel
Orc:1:    layout_diamond_mine
Orc:2:    grunt_orc_gardens, layout_caves, grunt_orc_garden, grunt_orc_garden,
          grunt_orc_garden, grunt_orc_garden, mines_bat_river, uniq_donald,
          uniq_erolcha
Elf:1:    nicolae_elf_arrival_fired_up, layout_loops_ring, serial_shops, shop,
          nicolae_shop_overgrown_old_shop, shop_fountains, shop_scrolls,
          gammafunk_ghost_tricky_traps, minivault_28, kb_rosetta, uniq_agnes
Elf:2:    elven_hall_of_blades_hangedman_original
          [nicolae_blade_entry_area_security], layout_geoelf_grid, serial_shops,
          shop, portal_ice_cave_entry_pillars_2, st_stairs_14, uniq_nikola
Elf:3:    minmay_elf_hall_spiked, layout_loops_ring
Vaults:1: nicolae_vaults_what_the_h, st_spiral_rooms,
          ontoclasm_vaults_misaligned, hangedman_vaults_stretched_pinwheel,
          vaults_mumra_hexcomb, ontoclasm_vaults_claustrophobia,
          vaults_mumra_chevron_long, grunt_vaults_hallway_short, v_rooms_5,
          nicolae_vaults_yaktaur_gun_rack, v_misc_5,
          nicolae_vaults_specimen_jars, layout_vaults_big_room
Vaults:2: vaults_standard_mumra_x, nicolae_vaults_asterisk, v_misc_22,
          nicolae_vaults_shelves_hall, v_misc_11, vaults_room_guarded_vault,
          v_misc_16, v_misc_4, nicolae_vaults_ring_of_whatevers,
          hangedman_vaults_trim, nicolae_vaults_little_squares_3,
          vaults_room_fours, layout_vaults_omnigrid, serial_shops,
          shop_fountains

Skill      XL: |  1  2  3  4  5  6  7  8  9 10 11 12 13 14 15 16 17 18 19 20 |
---------------+-------------------------------------------------------------+-----
Necromancy     | 5 6 7 9 10 12 13 14 15 17 18 19 20 21 22 23 | 23.2
Spellcasting   | 4 5 6 9 11 12 13 14 15 16 | 16.0
Fighting       | 1 2 3 4 5 7 8 9 10 11 12 | 12.7
Dodging        | 3 4 5 6 7 8 10 11 12 13 | 13.0
Short Blades   | 2 3 5 7 9 10 | 10.0
Conjurations   | 2 3 |  3.0
Poison Magic   | 2 4 9 10 | 10.8
Air Magic      | 2 3 |  3.0
Invocations    | 2 5 7 10 11 12 13 14 15 | 15.5
Earth Magic    | 2 3 6 |  6.0
Shields        | 4 7 8 10 11 | 11.7
Armour         | 2 3 |  3.0
Stealth        | 4 |  4.0
Translocations | 1 2 3 |  3.0
Transmutations | 3 |  3.0
Fire Magic     | 3 |  3.0
Ice Magic      | 2 3 |  3.0

Action                   |  1- 3 |  4- 6 |  7- 9 | 10-12 | 13-15 | 16-18 | 19-21 || total
-------------------------+-------+-------+-------+-------+-------+-------+-------++-------
Melee: Dagger            |       |     9 |    53 |   323 |   241 |   153 |     3 ||   782
       Punch             |       |       |       |     4 |     3 |       |       ||     7
       Staff             |       |       |       |       |       |     3 |    28 ||    31
Throw: Dart              |       |     1 |    11 |    10 |    20 |     3 |       ||    45
       Boomerang         |       |       |     1 |       |     1 |       |       ||     2
 Cast: Necrotise         |    68 |    86 |   137 |    81 |     3 |       |       ||   375
       Vampiric Draining |       |     4 |    32 |   103 |    43 |    37 |    56 ||   275
       Animate Dead      |       |       |       |    13 |    20 |    23 |    13 ||    69
       Agony             |       |       |       |     6 |     1 |       |       ||     7
       Mephitic Cloud    |       |       |       |    12 |     6 |    10 |     1 ||    29
       Dispel Undead     |       |       |       |     2 |     8 |     6 |       ||    16
       Borgnjor's Vile C |       |       |       |       |   170 |   294 |   133 ||   597
       Death Channel     |       |       |       |       |    20 |    53 |    30 ||   103
       Ignite Poison     |       |       |       |       |       |     1 |    20 ||    21
       Ignition          |       |       |       |       |       |     1 |       ||     1
       Olgreb's Toxic Ra |       |       |       |       |       |       |    32 ||    32
       Simulacrum        |       |       |       |       |       |       |     5 ||     5
       Death's Door      |       |       |       |       |       |       |     1 ||     1
       Chain Lightning   |       |       |       |       |       |       |     1 ||     1
Invok: Channel Magic     |       |       |       |       |       |     6 |     4 ||    10
       Divine Exegesis   |       |       |       |       |       |     1 |     2 ||     3
Evoke: Wand              |       |     4 |     9 |    25 |    16 |    18 |    16 ||    88
       Phantom mirror    |       |       |       |       |       |     1 |     1 ||     2
       Phial of floods   |       |       |       |       |       |       |     3 ||     3
  Use: Scroll            |       |     5 |     7 |     7 |    19 |    18 |    16 ||    72
       Potion            |       |     2 |     3 |     4 |    11 |    25 |    16 ||    61
 Stab: Confused          |       |       |       |     4 |     2 |     1 |       ||     7
       Distracted        |       |       |       |     4 |       |     2 |     2 ||     8
       Sleeping          |       |       |       |     3 |     2 |     1 |       ||     6
       Petrified         |       |       |       |     3 |       |       |       ||     3
Armor: Robe              |     5 |     3 |       |       |       |       |       ||     8
       Leather armour    |       |       |    10 |    15 |       |       |       ||    25
       Troll leather arm |       |       |       |     6 |       |       |       ||     6
       Ring mail         |       |       |       |    31 |    90 |   128 |       ||   249
       Swamp dragon scal |       |       |       |       |       |    25 |    30 ||    55
       Scale mail        |       |       |       |       |       |       |    22 ||    22
Dodge: Dodged            |    12 |    35 |    73 |   192 |   156 |   154 |    94 ||   716
Block: Buckler           |       |       |       |       |    16 |    50 |       ||    66
       Kite shield       |       |       |       |       |       |    77 |   136 ||   213
       Reflection        |       |       |       |       |       |     8 |    13 ||    21

Table legend: (Time is in decaauts)
 A = Elapsed time spent in this place.
 B = Non-inter-level travel time spent in this place.
 C = Inter-level travel time spent in this place.
 D = Time resting spent in this place.
 E = Time spent auto-exploring this place.
 F = Levels seen in this place.
 G = Mean time per level.
                   A        B        C        D        E       F      G
               +--------+--------+--------+--------+--------+-----+--------+
         Total |  43158 |  40143 |   3015 |   8183 |  14955 |  38 | 1135.7 |
       Dungeon |  16870 |  15298 |   1572 |   2369 |   7930 |  15 | 1124.7 |
        Temple |      1 |      1 |      0 |      0 |      0 |   1 |    1.0 |
          Lair |   7262 |   6586 |    676 |   1047 |   2825 |   6 | 1210.3 |
         Swamp |   3464 |   3233 |    231 |    387 |    954 |   4 |  866.0 |
   Spider Nest |   7459 |   7247 |    212 |   2493 |   1705 |   4 | 1864.8 |
  Orcish Mines |   1785 |   1628 |    157 |    329 |    301 |   2 |  892.5 |
   Elven Halls |   3669 |   3540 |    129 |    933 |    618 |   3 | 1223.0 |
        Vaults |   2086 |   2051 |     35 |    456 |    622 |   2 | 1043.0 |
      Ice Cave |    558 |    558 |      0 |    169 |      0 |   1 |  558.0 |
               +--------+--------+--------+--------+--------+-----+--------+

Top non-repeatable levels by time:
  Lair:3: 2337 daAuts
Spider:3: 2291 daAuts
Spider:2: 1849 daAuts
    D:12: 1842 daAuts
Spider:4: 1777 daAuts
    D:10: 1654 daAuts
Vaults:1: 1614 daAuts
Spider:1: 1542 daAuts
     D:6: 1534 daAuts
   Elf:1: 1455 daAuts
    D:11: 1384 daAuts
   Elf:3: 1324 daAuts
     D:3: 1251 daAuts
 Swamp:4: 1137 daAuts
     D:7: 1123 daAuts
